 Dungeon Crawl Stone Soup version 0.17.1-1-g73c8601 (webtiles) character file.

336 Mysteryquy the Digger (level 6, -1/32 HPs)
             Began as a Gargoyle Earth Elementalist on Jan 2, 2016.
             Slain by an iron imp (7 damage)
             ... summoned by Eustachio
             ... on level 5 of the Dungeon.
             The game lasted 00:07:49 (4396 turns).

Mysteryquy the Digger (Gargoyle Earth Elementalist) Turns: 4396, Time: 00:07:49

Health: -1/32      AC:  6    Str: 12    XL:     6   Next: 54%
Magic:  0/13       EV: 12    Int: 17    God:
Gold:   178        SH:  0    Dex: 10    Spells: 2 memorised, 10 levels left

rFire  . . .     SeeInvis .     f - +0 club
rCold  . . .     Clarity  .     a - +0 robe
rNeg   + . .     SustAt   .     (no shield)
rPois  ∞         Gourm    .     (no helmet)
rElec  +         Spirit   .     (no cloak)
rCorr  .         Warding  .     (no gloves)
rMut   .         Stasis   .     (no boots)
MR     .....                    (no amulet)
Stlth  ++........               (no ring)
                                (no ring)

@: very slightly contaminated, not resistant to hostile enchantments, unstealthy
A: negative energy resistance 1, electricity resistance, unbreathing,
petrification resistance, rot immunity, AC +4
a: no special abilities


You were on level 5 of the Dungeon.
You were very hungry.

You visited 1 branch of the dungeon, and saw 5 of its levels.

You collected 178 gold pieces.

Inventory:

Hand Weapons
 f - a +0 club (weapon)
Missiles
 b - 112 stones (quivered)
Armour
 a - a +0 robe (worn)
Jewellery
 t - a +2 ring of intelligence {unknown}
Wands
 r - a wand of confusion (29)
Scrolls
 e - a scroll of teleportation {unknown}
 h - a scroll of fear {unknown}
 j - 7 scrolls of identify {unknown}
 k - 2 scrolls of remove curse {unknown}
 m - a scroll of noise {unknown}
 s - a scroll of magic mapping {unknown}
Potions
 g - a potion of might {unknown}
 i - 2 potions of heal wounds {unknown}
 l - a potion of cancellation {unknown}
 n - 2 potions of cure mutation {unknown}
 p - a potion of resistance {unknown}
 q - 2 potions of invisibility {unknown}
 u - a potion of poison {unknown}
 v - a potion of lignification {unknown}
Books
 c - a book of Geomancy

   Spells                             Type                      Level
   a - Sandblast                      Earth                        1
   b - Stoneskin                      Transmutation/Earth          2
   c - Passwall                       Transmutation/Earth          3
   d - Stone Arrow                    Conjuration/Earth            3
   e - Petrify                        Transmutation/Earth          4
   f - Lee's Rapid Deconstruction     Earth                        5
Comestibles
 d - 3 bread rations
 o - a royal jelly


   Skills:
 - Level 1.5 Dodging
 - Level 2.1 Stealth
 * Level 4.8 Spellcasting
 + Level 2.6 Conjurations
   Level 0.7 Transmutations
 + Level 5.2 Earth Magic


You had 10 spell levels left.
You knew the following spells:

 Your Spells              Type           Power        Failure   Level  Hunger
a - Sandblast             Erth           ###...       1%          1    None
b - Stone Arrow           Conj/Erth      ###...       10%         3    ###....


Dungeon Overview and Level Annotations

Branches:
Dungeon (5/15)
 Temple: D:4-7

Altars:
Fedhas
Makhleb
Nemelex Xobeh
Qazlal
Ru
Xom
The Shining One

Shops:
D:5 [

Annotations:
D:2 Sigmund
D:3 exclusion: oklob plant
D:5 Eustachio


Innate Abilities, Weirdness & Mutations

You are resistant to torment.
Your stone body is resilient (AC +4).
You are immune to poison.
You resist negative energy.
You are resistant to electric shocks.
You can survive without breathing.
You are immune to petrification.
You are immune to rotting.


Message History

You hit Eustachio.
Eustachio is heavily wounded.
Eustachio barely misses you.
Casting: Sandblast
Confirm with . or Enter, or press ? or * to list all spells.
Aiming: Sandblast
Press: ? - help, Shift-Dir - straight line, f/p - iron imp
Aim: an iron imp (summoned)
The blast of sand hits the iron imp.
The iron imp is lightly wounded.
Eustachio completely misses you.
The iron imp shouts, "Scamper home, thou wayward shard-borne jarkman!"
The iron imp hits you.
* * * LOW HITPOINT WARNING * * *
There are monsters nearby!
You hit Eustachio.
Eustachio is heavily wounded.
The shadow imp disappears in a puff of smoke!
Eustachio barely misses you. The iron imp hits you!
You die...

##..###.##.##.#
#.......##. .. #.##.##.#
#.......... #.##.##.#
#.......#.. #.##.##.#
##.....##..#
#.###.##.##.####
##...###(.#
#..............##########
#. ##
#......>##..............
#..#.
#......###.#####@######
#..#. #####.. #.# #@#
###.... #.. #.# #5#
....... #.. #.. #§#
....... #.. #.. #5#
#...#. #.. #.# ##.##. #.#
#. ## .>. # # ..# # ### .


You could see Eustachio, an iron imp and a crimson imp.

Vanquished Creatures
  An ogre (D:4)
  A scorpion (D:5)
  A hound (D:4)
  A giant frog skeleton (D:5)
  A worker ant (D:4)
  5 adders
  An ooze (D:1)
  2 adder skeletons (D:4)
  An orc (D:3)
  5 giant cockroaches
  11 hobgoblins
  6 jackals
  8 kobolds
  3 quokkas
  4 bats
  3 giant geckos (D:2)
  5 giant newts
  11 goblins
  A quokka skeleton (D:4)
  9 rats
80 creatures vanquished.

Vanquished Creatures (others)
  4 gnolls (D:4)
4 creatures vanquished.

Grand Total: 84 creatures vanquished

Notes
Turn   | Place    | Note
--------------------------------------------------------------
     0 | D:1      | Mysteryquy the Gargoyle Earth Elementalist began the quest for the Orb.
     0 | D:1      | Reached XP level 1. HP: 10/10 MP: 3/3
   190 | D:1      | Reached XP level 2. HP: 9/15 MP: 0/5
   617 | D:1      | Reached XP level 3. HP: 12/19 MP: 1/7
   691 | D:1      | Learned a level 3 spell: Stone Arrow
   987 | D:2      | Reached skill level 4 in Earth Magic
  1870 | D:2      | Noticed Sigmund
  1989 | D:3      | Found a faded altar to an unknown god.
  1996 | D:3      | Reached XP level 4. HP: 21/24 MP: 7/9
  2040 | D:3      | Reached skill level 1 in Conjurations
  2866 | D:3      | Found a blossoming altar of Fedhas.
  2885 | D:3      | Noticed an oklob plant
  3024 | D:4      | Found a sacrificial altar of Ru.
  3230 | D:4      | Found a burning altar of Makhleb.
  3232 | D:4      | Found a glowing golden altar of the Shining One.
  3235 | D:4      | Found a stormy altar of Qazlal.
  3235 | D:4      | Found a shimmering altar of Xom.
  3243 | D:4      | Found a sparkling altar of Nemelex Xobeh.
  3318 | D:4      | Reached XP level 5. HP: 28/28 MP: 3/10
  3502 | D:4      | Noticed an ogre
  3564 | D:4      | Killed an ogre
  4043 | D:5      | Entered Level 5 of the Dungeon
  4057 | D:4      | Reached skill level 5 in Earth Magic
  4057 | D:4      | Reached XP level 6. HP: 20/32 MP: 1/12
  4260 | D:5      | Found Usavawk's Armour Shoppe.
  4373 | D:5      | Noticed Eustachio
  4396 | D:5      | Slain by an iron imp

Action                   |  1- 3 |  4- 6 || total
-------------------------+-------+-------++-------
Melee: Club              |    29 |    33 ||    62
 Cast: Sandblast         |    74 |   111 ||   185
       Stone Arrow       |       |     5 ||     5
  Eat: Chunk             |     4 |     5 ||     9
       Beef jerky        |       |     1 ||     1
